[Event "Late-Titled-Tuesday-Blitz-June-25-2024"]
[Site "Chess.com"]
[Date "2024.06.25"]
[Round "3"]
[White "Malev212"]
[Black "IngOscarArdila"]
[Result "1-0"]
[WhiteElo "2607"]
[BlackElo "2382"]
[TimeControl "180+1"]
[EndTime "14:26:23 PDT"]
[Termination "Malev212 won by resignation"]

1. e4 e5 2. Nf3 Nf6 3. Nxe5 d6 4. Nf3 Nxe4 5. d3 Nf6 6. d4 Be7 7. Bd3 O-O 8. h3 Nbd7 9. O-O Re8 10. c4 Nf8 11. Nc3 Ng6 12. Be3 c6 13. Re1 Bd7 14. b4 a5 15. b5 Qc7 16. a4 Rac8 17. Rb1 d5 18. b6 Qd8 19. c5 Ra8 20. Qc2 Qc8 21.
Ne5 Bf8 22. f4 Bxh3 23. gxh3 Qxh3 24. Qg2 Qh4 25. Rf1 Nxe5 26. fxe5 Ng4 27. Rf4 h5 28. Be2 g5 29. Bxg4 gxf4 30. Bf5+ Bg7 31. Bf2 Qe7 32. Ne2 f6 33. e6 Kh8 34. Nxf4 Rg8 35. Ng6+ 1-0

[Event "Late-Titled-Tuesday-Blitz-June-25-2024"]
[Site "Chess.com"]
[Date "2024.06.25"]
[Round "3"]
[White "alexrustemov"]
[Black "Perecke"]
[Result "1-0"]
[WhiteElo "2835"]
[BlackElo "2511"]
[TimeControl "180+1"]
[EndTime "14:26:25 PDT"]
[Termination "alexrustemov won by resignation"]

1. d4 d5 2. c4 e6 3. Nc3 Nf6 4. cxd5 exd5 5. Bg5 Be7 6. e3 O-O 7. Bd3 h6 8. Bh4 c6 9. Qc2 Nbd7 10. Nf3 Re8 11. O-O Ne4 12. Bxe4 dxe4 13. Qxe4 Bxh4 14.
Qxh4 Qxh4 15. Nxh4 Nf6 16. Nf3 Bf5 17. h3 Rad8 18.
Rfd1 b5 19. Rac1 b4 20. Na4 Rd6 21. Ne5 Rc8 22. Nc5 Ne4 23. f3 Nxc5 24. Rxc5 Be6 25. b3 f6 26. Nd3 Rb8 27. Ra5 Bf5 28. Nc5 Re8 29. e4 Bg6 30. Kf2 f5 31. exf5 Bxf5 32. Rxa7 Red8 33. Ke3 Re8+ 34. Kf4 Bc2 35. Rd2 g5+ 36. Kg3 Bg6 37. Rb7 Red8 38. Re2 Rd5 39. Ree7 Bh5 40. Rg7+ Kf8 41. Ne6+ 1-0

[Event "Late-Titled-Tuesday-Blitz-June-25-2024"]
[Site "Chess.com"]
[Date "2024.06.25"]
[Round "3"]
[White "ValeriyGrinev"]
[Black "IsaacWiebe"]
[Result "1-0"]
[WhiteElo "2591"]
[BlackElo "2359"]
[TimeControl "180+1"]
[EndTime "14:26:25 PDT"]
[Termination "ValeriyGrinev won by resignation"]

1. d4 Nf6 2. c4 c5 3. Nf3 cxd4 4.
Nxd4 e6 5. g3 d5 6. Bg2 e5 7.
Nf3 e4 8. Nd4 Nc6 9. O-O Be7 10.
Nc3 dxc4 11. Nxc6 bxc6 12. Qa4 O-O 13. Nxe4 Be6 14. Qxc6 Rb8 15. Ng5 Bd5 16. Bxd5 Qxd5 17. Qxd5 Nxd5 18. Rd1 Nb4 19. Bf4 Rb5 20. Ne4 Nc6 21. b3 cxb3 22. axb3 Rxb3 23. Rd7 f5 24. Rc7 fxe4 25. Rxc6 Ra8 26. Rc7 Bf6 27. Raxa7 Rxa7 28. Rxa7 h5 29. h4 Rb2 30. e3 Kh7 31. Ra4 Kg6 32. Rxe4 Kf5 33. Ra4 Rc2 34. Kg2 g6 35. Bg5 Bxg5 36. Ra5+ Kf6 37. Rxg5 Ra2 38. Kf3 Ra4 39. Rb5 Rc4 40. Rd5 Ra4 41. Rd4 Ra5 42.
e4 Ra3+ 43. Kf4 Ra2 44. f3 Ke6 45. Rb4 Ra3 46. Rb6+ Kf7 47. Rc6 1-0

[Event "Late-Titled-Tuesday-Blitz-June-25-2024"]
[Site "Chess.com"]
[Date "2024.06.25"]
[Round "3"]
[White "Snowball-03"]
[Black "Eloist"]
[Result "1/2-1/2"]
[WhiteElo "2645"]
[BlackElo "2465"]
[TimeControl "180+1"]
[EndTime "14:26:26 PDT"]
[Termination "Game drawn by repetition"]

1. e4 e6 2. d4 d5 3. Nc3 Nf6 4. Bg5 dxe4 5. Nxe4 Be7 6. Nxf6+ Bxf6 7. Bxf6 Qxf6 8. Nf3 O-O 9. Qd2 c5 10. O-O-O Rd8 11. Qc3 cxd4 12. Rxd4 Nc6 13. Rxd8+ Qxd8 14. Bb5 Bd7 15. Rd1 Qe7 16. Qd3 Be8 17. Qd6 Qxd6 18. Rxd6 Kf8 19. g3 Ke7 20. Rd2 Rd8 21. Rxd8 Nxd8 22.
Bxe8 Kxe8 23. Kd2 Nc6 24. c3 e5 25. b4 f6 26. Kd3 Ke7 27. b5 Nd8 28. a4 Ne6 29.
Kc4 Kd6 30. Nd2 f5 31. Nb3 b6 32. a5 g5 33. axb6 axb6 34. Nd2 Nc5 35. f3 h5 36. Kb4 Nd3+ 37. Kc4 Ne1 38. Kb4 Kd5 39. Nc4 Nd3+ 40. Kb3 Nc5+ 41. Kb4 Nd3+ 42. Kb3 Nc5+ 43. Kb4 Nd3+ 1/2-1/2

[Event "Late-Titled-Tuesday-Blitz-June-25-2024"]
[Site "Chess.com"]
[Date "2024.06.25"]
[Round "3"]
[White "Sondremelaa"]
[Black "Flopezin"]
[Result "1-0"]
[WhiteElo "2585"]
[BlackElo "2336"]
[TimeControl "180+1"]
[EndTime "14:26:27 PDT"]
[Termination "Sondremelaa won by resignation"]

1. e4 e5 2. Nf3 Nc6 3. Bc4 Nf6 4. d3 Bc5 5. c3 O-O 6. O-O d6 7. Re1 h6 8. h3 a5 9. Bb3 Be6 10. Bc2 Ba7 11. d4 exd4 12. cxd4 d5 13. e5 Ne4 14. Nc3 Nxc3 15. bxc3 Qd7 16. Qd3 g6 17. Bxh6 Bf5 18. Qd2 Rfe8 19. Bxf5 Qxf5 20. Nh4 Qe6 21. Bg5 Ne7 22.
Bf6 Kh7 23. Nf3 Qf5 24. Nh4 Qe6 25. Re3 c5 26. Rg3 cxd4 27. cxd4 Rac8 28. Nf3 Qb6 29. Rg4 Nf5 30. Qg5 1-0

[Event "Late-Titled-Tuesday-Blitz-June-25-2024"]
[Site "Chess.com"]
[Date "2024.06.25"]
[Round "3"]
[White "wonderfultime"]
[Black "MKlose11"]
[Result "1-0"]
[WhiteElo "3048"]
[BlackElo "2616"]
[TimeControl "180+1"]
[EndTime "14:26:28 PDT"]
[Termination "wonderfultime won by resignation"]

1. d4 Nf6 2. Nf3 c5 3. c3 b6 4.
Bg5 d6 5. Nbd2 Ba6 6. g3 Nbd7 7. Bg2 Bb7 8. O-O g6 9. Re1 h6 10. Bxf6 Nxf6 11. e4 cxd4 12. cxd4 Bg7 13. e5 Nd5 14. e6 O-O 15. Qb1 f5 16. Qd3 Nf6 17. Rac1 Rc8 18. Nh4 Bxg2 19. Nxg2 Kh7 20. Nf4 h5 21. Nf3 Bh6 22.
h4 Bxf4 23. gxf4 Rxc1 24. Rxc1 Qb8 25. Qc4 Qb7 26. Ng5+ Kh6 27. Qc7 Qxc7 28. Rxc7 Nd5 29. Rxa7 Rc8 30. Nf7+ Kg7 31. Nxd6 Rc1+ 32. Kg2 Kf6 33. Nb5 Nxf4+ 34. Kf3 Nxe6 35. Rb7 Rc2 36. Rxb6 Kf7 37. Rb7 Kf6 38. d5 Nc5 39. Rb6+ Kf7 40. Nd4 Ne4 41. Nxc2 1-0

[Event "Late-Titled-Tuesday-Blitz-June-25-2024"]
[Site "Chess.com"]
[Date "2024.06.25"]
[Round "3"]
[White "Flawless_Fighter"]
[Black "Talent-OF-Slovenia"]
[Result "0-1"]
[WhiteElo "2776"]
[BlackElo "2441"]
[TimeControl "180+1"]
[EndTime "14:26:28 PDT"]
[Termination "Talent-OF-Slovenia won on time"]

1. d4 Nf6 2. Nf3 e6 3. g3 b5 4. Bg2 Bb7 5. O-O c5 6. Bg5 cxd4 7. Nxd4 Bxg2 8. Kxg2 a6 9. c3 Be7 10. a4 b4 11. c4 Qb6 12. b3 Nc6 13. Nxc6 Qxc6+ 14. f3 h6 15. Be3 h5 16. Nd2 h4 17. Bf2 Ng4 18. Ne4 f5 19. h3 Nxf2 20. Nxf2 hxg3 21. Nd3 Qc7 22. f4 Bf6 23. Rc1 a5 24. e3 Ke7 25.
Qf3 g5 26. Rcd1 Rad8 27. Rh1 d5 28. cxd5 Qc2+ 29. Kxg3 gxf4+ 0-1

[Event "Late-Titled-Tuesday-Blitz-June-25-2024"]
[Site "Chess.com"]
[Date "2024.06.25"]
[Round "3"]
[White "Jagerrmeisterr"]
[Black "artin10862"]
[Result "0-1"]
[WhiteElo "2653"]
[BlackElo "2907"]
[TimeControl "180+1"]
[EndTime "14:26:29 PDT"]
[Termination "artin10862 won by resignation"]

1. e4 c5 2. Nc3 Nc6 3. f4 Nf6 4.
Nf3 d5 5. e5 Ng8 6. Bb5 e6 7.
d4 Bd7 8. Be3 cxd4 9. Nxd4 Nxd4 10. Bxd7+ Qxd7 11. Bxd4 Ne7 12. O-O h5 13. Ne2 g6 14.
Bf2 Nc6 15. c4 dxc4 16. Qxd7+ Kxd7 17. Rfd1+ Kc7 18. Rac1 b5 19. a4 a6 20. Nc3 Rb8 21. axb5 axb5 22. Ne4 Bb4 23. Ng5 Rhf8 24. Rc2 Rbd8 25.
Rxd8 Rxd8 26. g4 hxg4 27. Nxf7 Rd2 28. Kg2 Rxc2 0-1

[Event "Late-Titled-Tuesday-Blitz-June-25-2024"]
[Site "Chess.com"]
[Date "2024.06.25"]
[Round "3"]
[White "MITerryble"]
[Black "tdf98pantani"]
[Result "1-0"]
[WhiteElo "2977"]
[BlackElo "2678"]
[TimeControl "180+1"]
[EndTime "14:26:31 PDT"]
[Termination "MITerryble won by resignation"]

1. d4 Nf6 2. Nf3 d5 3. c4 c6 4. Nc3 dxc4 5. a4 Bf5 6. Ne5 Nbd7 7. Nxc4 Nb6 8. Ne5 a5 9. e3 Nfd7 10. Nxf7 Kxf7 11. Qf3 e6 12. g4 g6 13. e4 Nf6 14.
gxf5 exf5 15. e5 Nfd5 16. Bd2 Bb4 17. h4 h5 18. Bd3 Qd7 19. Rg1 Ne7 20. O-O-O Bxc3 21. bxc3 Qd5 22. Qxd5+ Nexd5 23. Kc2 Rhe8 24. Ra1 Nd7 25.
Rab1 Ra7 26. Rb3 Nf8 27. Rgb1 Re7 28. c4 Nb4+ 29. Bxb4 axb4 30. Rxb4 Ne6 31. Kc3 c5 32. dxc5 Nxc5 33. Bc2 Rxe5 34. Rb5 Ra6 35. Kd4 1-0

[Event "Late-Titled-Tuesday-Blitz-June-25-2024"]
[Site "Chess.com"]
[Date "2024.06.25"]
[Round "3"]
[White "MarkusRagger"]
[Black "ninjatrick"]
[Result "1/2-1/2"]
[WhiteElo "2796"]
[BlackElo "2498"]
[TimeControl "180+1"]
[EndTime "14:26:31 PDT"]
[Termination "Game drawn by repetition"]

1. d4 d5 2. c4 e6 3. Nf3 Nf6 4.
g3 Be7 5. Bg2 O-O 6. O-O c6 7.
Qc2 Nbd7 8. Nbd2 b6 9. e4 dxe4 10. Nxe4 Nxe4 11. Qxe4 Ba6 12. Ne5 Nxe5 13. dxe5 Rc8 14.
h4 b5 15. Be3 bxc4 16. Rfd1 Qc7 17. h5 Rfd8 18. Bf1 Rd5 19. Bf4 Rcd8 20. Rdc1 Rd4 21.
Qf3 c5 22. Bg2 Rd3 23. Qc6 Qxc6 24. Bxc6 f5 25. Bg2 Rb8 26. Rc2 Rd7 27. Be3 g5 28. hxg6 hxg6 29. Bf1 Rb4 30. Rac1 Rdb7 31. Bxc4 Bxc4 32.
Rxc4 Rxc4 33. Rxc4 Rxb2 34. Bxc5 Bxc5 35. Rxc5 Rxa2 36.
Rc7 Kf8 37. Rc6 Kf7 38. Rc7+ Kf8 39. Rc6 Kf7 40. Rc7+ Kf8 1/2-1/2

[Event "Late-Titled-Tuesday-Blitz-June-25-2024"]
[Site "Chess.com"]
[Date "2024.06.25"]
[Round "3"]
[White "Njal28"]
[Black "nindjaxx8"]
[Result "1-0"]
[WhiteElo "3104"]
[BlackElo "2733"]
[TimeControl "180+1"]
[EndTime "14:26:32 PDT"]
[Termination "Njal28 won by checkmate"]

1. e4 e6 2. d4 d5 3. exd5 exd5 4. Nf3 Nf6 5. Bd3 Bd6 6. O-O O-O 7. h3 Be6 8. Nc3 c6 9. Re1 Nbd7 10. Ng5 Re8 11. f4 h6 12. Nxe6 Rxe6 13. Rxe6 fxe6 14.
Qe2 Nf8 15. Be3 Qc7 16. Rf1 a6 17. g4 c5 18. g5 cxd4 19. Bxd4 Bc5 20. Bxc5 Qxc5+ 21.
Kh2 Ne4 22. gxh6 gxh6 23. Rg1+ Kf7 24. Qh5+ Ke7 25. Nxe4 Qd4 26. Qh4+ Kd7 27. Qf2 Qxb2 28. Nc5+ Kc6 29. Nb3 Qf6 30. f5 Nd7 31. Nd4+ Kd6 32. Nxe6 Re8 33. Qf4+ Ne5 34. Qb4+ Kd7 35. Qxb7+ Kd6 36.
Qc7# 1-0

[Event "Late-Titled-Tuesday-Blitz-June-25-2024"]
[Site "Chess.com"]
[Date "2024.06.25"]
[Round "3"]
[White "ukchessbomber"]
[Black "patzer-reloaded"]
[Result "1-0"]
[WhiteElo "2622"]
[BlackElo "2429"]
[TimeControl "180+1"]
[EndTime "14:26:33 PDT"]
[Termination "ukchessbomber won on time"]

1. b4 e5 2. Bb2 Bxb4 3. Bxe5 Nf6 4. e3 O-O 5. g3 d5 6. Bg2 c5 7. c3 Ba5 8. Bxf6 Qxf6 9. Bxd5 Nc6 10. Ne2 Ne5 11.
O-O Nf3+ 12. Bxf3 Qxf3 13. Nf4 Qc6 14. Qh5 Bc7 15. Na3 b5 16. Qd5 Bb7 17. Qxc6 Bxc6 18. d4 Bd6 19. c4 b4 20. dxc5 Bxc5 21. Nd3 Be7 22. Nc2 a5 23. Nd4 Be4 24. Ne5 Rfc8 25. Rfc1 a4 26. f3 Bf6 27. Nd7 Bxd4 28. exd4 Bxf3 29. Nb6 b3 30. axb3 axb3 31. Rxa8 Rxa8 32. Nxa8 Bxa8 33. Rb1 1-0

[Event "Late-Titled-Tuesday-Blitz-June-25-2024"]
[Site "Chess.com"]
[Date "2024.06.25"]
[Round "3"]
[White "Pitomina"]
[Black "osielchesslover2011"]
[Result "1-0"]
[WhiteElo "2529"]
[BlackElo "2187"]
[TimeControl "180+1"]
[EndTime "14:26:36 PDT"]
[Termination "Pitomina won by checkmate"]

1. d4 Nf6 2. Bf4 d6 3. e3 Nbd7 4. Nf3 g6 5. h3 Bg7 6. c3 O-O 7. Be2 c5 8. Nbd2 b6 9. Bh2 Bb7 10. O-O Re8 11. a4 e5 12. Nc4 Qc7 13. dxe5 dxe5 14.
Qd6 Rac8 15. Qxc7 Rxc7 16. Nd6 Rb8 17. Nxb7 Rcxb7 18. Nxe5 Nxe5 19. Bxe5 Re8 20. Bf3 Rbe7 21. Bd6 Rd7 22. Rfd1 Ne4 23. Bxe4 Rxe4 24. Bb8 Ree7 25. Kf1 Bf6 26. Ke2 Kg7 27. Rxd7 Rxd7 28. Rd1 Rb7 29.
Bf4 b5 30. axb5 Rxb5 31. Rd2 a5 32. Kd3 a4 33. Kc4 Ra5 34. Bd6 a3 35. bxa3 Rxa3 36. Rc2 Ra1 37. Bxc5 Rg1 38. g3 Rh1 39. h4 Bd8 40.
Bd4+ Kh6 41. Kd5 Rd1 42. c4 f5 43. c5 Ra1 44. c6 Ra8 45. c7 Rc8 46. cxd8=Q Rxd8+ 47. Ke6 Re8+ 48. Kf7 Re4 49. f3 Rg4 50. fxg4 fxg4 51.
Rc5 g5 52. Bg7+ Kh5 53. Rxg5# 1-0

[Event "Late-Titled-Tuesday-Blitz-June-25-2024"]
[Site "Chess.com"]
[Date "2024.06.25"]
[Round "3"]
[White "AldokhinIvan"]
[Black "Fandorine"]
[Result "0-1"]
[WhiteElo "2656"]
[BlackElo "2916"]
[TimeControl "180+1"]
[EndTime "14:26:37 PDT"]
[Termination "Fandorine won on time"]

1. e4 c5 2. Nf3 e6 3. d4 cxd4 4. Nxd4 Nf6 5. Nc3 Nc6 6. g3 a6 7. Bg2 Qc7 8. O-O Nxd4 9. Qxd4 Bc5 10. Qd3 Ng4 11. Qe2 h5 12. h3 Qxg3 13. hxg4 hxg4 14. Rd1 Rh2 15. Qf1 Bxf2+ 16. Qxf2 Rh1+ 17. Kxh1 Qxf2 18. e5 f5 19. exf6 gxf6 20. Ne4 Qh4+ 21. Kg1 d5 22. Nd6+ Ke7 23. Nxc8+ Rxc8 24. c3 Qg3 25. Bd2 Rh8 26. Be1 Qf4 27. Bd2 Qh2+ 28. Kf1 Rh5 29. Be3 Rf5+ 0-1

[Event "Late-Titled-Tuesday-Blitz-June-25-2024"]
[Site "Chess.com"]
[Date "2024.06.25"]
[Round "3"]
[White "Mops_2004"]
[Black "Pachonpower"]
[Result "1-0"]
[WhiteElo "2794"]
[BlackElo "2453"]
[TimeControl "180+1"]
[EndTime "14:26:37 PDT"]
[Termination "Mops_2004 won by resignation"]

1. d4 e6 2. e4 d5 3. e5 c5 4. c3 Nc6 5. Nf3 Qb6 6. a3 Bd7 7. b4 cxd4 8. cxd4 a5 9. b5 Nce7 10. Nc3 Rc8 11. Na4 Qc7 12. Bd3 Ng6 13. h4 b6 14. h5 N6e7 15. Ng5 h6 16. Nh7 Nf5 17. Nxf8 Kxf8 18. Bb2 Nge7 19. g4 g6 20.
hxg6 Ng7 21. gxf7 Kxf7 22. Qd2 h5 23. Qf4+ Kg8 24. Rc1 Qb7 25. Rxc8+ Nxc8 26. gxh5 Nxh5 27. Qg5+ Ng7 28. Qd8+ Be8 29. Rxh8+ Kxh8 30. Bc1 Qd7 31.
Qxd7 Bxd7 32. Bg5 Nf5 33. Bxf5 exf5 34. Nc3 Be6 35. a4 Kg8 36. Ne2 Kf7 37. Nf4 Na7 38.
Bd8 Nc8 39. Kf1 Bd7 40. Nxd5 f4 41. Nxf4 Bf5 42. Nd5 Bc2 43. Nc3 Ke6 44. Ke2 Bb3 45.
Kd3 Kf5 46. Ke3 Bc4 47. f4 Bb3 48. d5 Bc4 49. d6 Be6 50. Ne2 Bd7 51. Nd4+ Kg6 52. Ke4 Kf7 53. Kd5 Bg4 54. e6+ Ke8 55. Bf6 Kf8 56. Kc6 Nxd6 57. Kxd6 1-0

[Event "Late-Titled-Tuesday-Blitz-June-25-2024"]
[Site "Chess.com"]
[Date "2024.06.25"]
[Round "3"]
[White "AlphaPerseii"]
[Black "HajiyevKanan"]
[Result "0-1"]
[WhiteElo "2388"]
[BlackElo "2608"]
[TimeControl "180+1"]
[EndTime "14:26:37 PDT"]
[Termination "HajiyevKanan won by resignation"]

1. d4 a6 2. c4 c6 3. Nc3 d5 4.
cxd5 cxd5 5. Bf4 Nf6 6. e3 Nc6 7. Bd3 Bg4 8. Nf3 e6 9. Rc1 Bd6 10. Ne2 Bxf3 11. gxf3 O-O 12. Rg1 Bxf4 13. Nxf4 Rc8 14. Qd2 Qa5 15. Qxa5 Nxa5 16. Kd2 b5 17. b3 Nc6 18. Bb1 Rc7 19. Rc5 Nd7 20. Rc3 b4 21. Rcc1 Rfc8 22. Bd3 Ncb8 23. Rxc7 Rxc7 24. Rc1 Rxc1 25.
Kxc1 Kf8 26. Kb2 Ke7 27. a3 a5 28. Bb5 g6 29. axb4 axb4 30. Nd3 Kf6 31. Nxb4 Kg5 32. Kc3 Kh4 33. Bf1 h5 34. Kd3 f5 35. f4 Kg4 36.
Ke2 Nb6 37. h3+ Kh4 38. Kf3 N8d7 39. Nd3 g5 40. Ne1 g4+ 41. Kg2 gxh3+ 42. Kh2 Nf6 43. f3 Ng4+ 44. fxg4 fxg4 45. Bxh3 gxh3 46. Nf3+ Kg4 47. Ne5+ Kf5 48. Kxh3 Ke4 49. Kh4 Kxe3 50. Kxh5 Kxf4 51. Nd7 Nxd7 0-1

[Event "Late-Titled-Tuesday-Blitz-June-25-2024"]
[Site "Chess.com"]
[Date "2024.06.25"]
[Round "3"]
[White "chessdoll90"]
[Black "carloseduar100"]
[Result "1-0"]
[WhiteElo "2508"]
[BlackElo "2285"]
[TimeControl "180+1"]
[EndTime "14:26:37 PDT"]
[Termination "chessdoll90 won by checkmate"]

1. d4 d5 2. c4 e5 3. dxe5 d4 4. Nf3 Nc6 5. g3 Nge7 6. Bg2 Ng6 7. O-O Ngxe5 8. b3 Bf5 9. Nbd2 Nxf3+ 10. Nxf3 Qd7 11. Bb2 O-O-O 12. a3 h5 13. h4 f6 14. b4 d3 15. e3 Bd6 16. c5 Be5 17. Nxe5 Nxe5 18.
c6 Qe6 19. cxb7+ Kb8 20. Bd4 Bg4 21. Qa4 a6 22. b5 Nf3+ 23. Bxf3 Bxf3 24. Qxa6 Qxa6 25.
bxa6 Rxd4 26. exd4 d2 27. Rfd1 Bxd1 28. Rxd1 Ka7 29.
Rxd2 Kxa6 30. Rb2 Rb8 31. Kf1 Rxb7 32. Rxb7 Kxb7 33. Ke2 Kc6 34. Kd3 g5 35. f3 gxh4 36. gxh4 f5 37. Kc4 Kb6 38. d5 c6 39. d6 c5 40. a4 Kc6 41. d7 Kxd7 42. Kxc5 Ke6 43. f4 Kd7 44. Kd5 Kc7 45. Ke5 Kb6 46. Kxf5 Ka5 47. Kg6 Kxa4 48. f5 Kb5 49. f6 Kc5 50. f7 Kd5 51. f8=Q Ke5 52. Qf5+ Kd4 53. Kxh5 Ke3 54.
Kg5 Kd4 55. h5 Ke3 56. h6 Kd4 57. h7 Ke3 58. h8=Q Ke2 59. Qhh3 Kd2 60. Qf2+ Kd1 61. Qhf1# 1-0

[Event "Late-Titled-Tuesday-Blitz-June-25-2024"]
[Site "Chess.com"]
[Date "2024.06.25"]
[Round "3"]
[White "TreinadorBR"]
[Black "ExchangeAB"]
[Result "0-1"]
[WhiteElo "2269"]
[BlackElo "2549"]
[TimeControl "180+1"]
[EndTime "14:26:38 PDT"]
[Termination "ExchangeAB won by resignation"]

1. e4 c6 2. d4 d5 3. exd5 cxd5 4.
Bd3 Nf6 5. h3 Nc6 6. c3 g6 7.
Nf3 Bf5 8. Bxf5 gxf5 9. O-O e6 10. Re1 Bg7 11. Bg5 O-O 12. Ne5 Qc7 13. Nd2 Nxe5 14. dxe5 Ne4 15. Nxe4 dxe4 16. f3 Qxe5 17. fxe4 fxe4 18.
Be3 f5 19. Qh5 Qg3 20. Bf2 Qg6 21. Qh4 Bf6 22. Qf4 e5 23. Qe3 Rfd8 24. Rad1 a6 25. Qb6 f4 26. Bc5 f3 27. g4 Bh4 28. Qxg6+ hxg6 29. Bf2 Rxd1 30. Rxd1 Rd8 31. Rxd8+ Bxd8 32. h4 e3 33.
Bxe3 Bxh4 34. Kh2 Kf7 35. Kh3 Be1 36. c4 e4 37. Kh2 Ke6 38. Kg1 Ke5 39. Kf1 Bg3 40.
b4 Bf4 41. Ba7 e3 42. c5 Ke4 43. a4 e2+ 44. Kf2 Bg3+ 0-1

[Event "Late-Titled-Tuesday-Blitz-June-25-2024"]
[Site "Chess.com"]
[Date "2024.06.25"]
[Round "3"]
[White "klercaku"]
[Black "rdarruda"]
[Result "1/2-1/2"]
[WhiteElo "2315"]
[BlackElo "2551"]
[TimeControl "180+1"]
[EndTime "14:26:40 PDT"]
[Termination "Game drawn by repetition"]

1. e4 c5 2. Nf3 Nc6 3. d4 cxd4 4. Nxd4 e5 5. Nb5 a6 6. Nd6+ Bxd6 7. Qxd6 Qe7 8.
Qxe7+ Ngxe7 9. Nc3 Nb4 10. Bd3 d5 11. exd5 Bf5 12. Bxf5 Nxf5 13. O-O O-O-O 14. Bd2 Nxd5 15. Nxd5 Rxd5 16. Bc3 Nd4 17. Bxd4 Rxd4 18. Rfe1 f6 19. Re2 Rhd8 20. Rae1 Kc7 21. f3 Kc6 22. Kf2 b5 23.
Re4 a5 24. R4e3 Kc5 25. Rc3+ Rc4 26. Rxc4+ Kxc4 27. Re4+ Kc5 28. Ke2 b4 29. Re3 Rd4 30. Rd3 Kc4 31. b3+ Kc5 32. c3 Rd5 33. Rxd5+ Kxd5 34. c4+ Kd4 35. Kd2 f5 36. Ke2 a4 37.
Kd2 a3 38. Kc2 Kc5 39. Kd3 Kd6 40. Ke3 Ke6 41. Kd3 Kd6 42. Ke3 Kc5 43. g4 g6 44.
h3 Kd6 45. Kd3 Kc5 46. Ke3 Kd6 47. Kd3 Kc5 48. Ke3 1/2-1/2

[Event "Late-Titled-Tuesday-Blitz-June-25-2024"]
[Site "Chess.com"]
[Date "2024.06.25"]
[Round "3"]
[White "nitpicker"]
[Black "cthake"]
[Result "1-0"]
[WhiteElo "2326"]
[BlackElo "1845"]
[TimeControl "180+1"]
[EndTime "14:26:40 PDT"]
[Termination "nitpicker won by resignation"]

1. d4 Nf6 2. c4 g6 3. Nc3 d5 4. Qb3 dxc4 5. Qxc4 Bg7 6. e4 c6 7. Bg5 O-O 8. Be2 Be6 9. Qd3 Qb6 10. Qd2 Na6 11.
Nf3 Rfd8 12. h3 h5 13. O-O Rd7 14. Rad1 Rad8 15. Be3 Qc7 16. Ne5 Rd6 17. Bxa6 bxa6 18. b3 c5 19. d5 Bc8 20. Bf4 Qb7 21. Nc4 R6d7 22. Na5 Qb6 23. Nc6 Re8 24. Qe3 a5 25.
Na4 Qb5 26. Nxc5 Qb7 27. Nxb7 1-0

[Event "Late-Titled-Tuesday-Blitz-June-25-2024"]
[Site "Chess.com"]
[Date "2024.06.25"]
[Round "3"]
[White "xasid81"]
[Black "simaopdias"]
[Result "1-0"]
[WhiteElo "2545"]
[BlackElo "2240"]
[TimeControl "180+1"]
[EndTime "14:26:41 PDT"]
[Termination "xasid81 won on time"]

1. e4 c5 2. Nf3 g6 3. c3 Bg7 4. d4 cxd4 5. cxd4 d5 6. e5 Nh6 7.
h3 O-O 8. Nbd2 Nc6 9. Be2 Nf5 10. Nb3 a5 11. a4 f6 12. g4 Nh6 13. exf6 exf6 14. O-O b6 15. Bf4 Be6 16. Rc1 Bd7 17. Bb5 Qc8 18. Rc3 Qb7 19. Qc1 Nxg4 20. Rxc6 Rac8 21.
Rc7 Bxb5 22. axb5 Rxc7 23. Qxc7 Qxc7 24. Bxc7 Nh6 25. Rc1 a4 26. Nbd2 Rc8 27. Rc6 Nf5 28. Bxb6 Rb8 29. Ba5 Rxb5 30. Bc3 Ne7 31. Rc5 Rb7 32.
Ra5 Bh6 33. Rxa4 Nc6 34. Nf1 g5 35. Ne3 Ne7 36. Ra6 Kg7 37. Ng4 Nf5 38. Rxf6 1-0

[Event "Late-Titled-Tuesday-Blitz-June-25-2024"]
[Site "Chess.com"]
[Date "2024.06.25"]
[Round "3"]
[White "anasta10"]
[Black "chess_sharparchitect"]
[Result "1-0"]
[WhiteElo "2629"]
[BlackElo "2337"]
[TimeControl "180+1"]
[EndTime "14:26:43 PDT"]
[Termination "anasta10 won on time"]

1. Nf3 d5 2. b3 Nf6 3. Bb2 c5 4. e3 e6 5. c4 Nc6 6. cxd5 exd5 7. d4 cxd4 8. Nxd4 Bb4+ 9. Nc3 Ne4 10. Rc1 Qf6 11.
Qf3 Nxc3 12. Bxc3 Bxc3+ 13. Rxc3 Qxf3 14. Nxf3 O-O 15. Bb5 Bd7 16. Kd2 a6 17. Bxc6 bxc6 18. Ne5 Bf5 19. Nxc6 Rfe8 20. Rhc1 f6 21. Nd4 Be4 22. f3 Bg6 23. Rc7 h5 24. Rb7 Rf8 25.
Rcc7 Rf7 26. Rxf7 Bxf7 27. b4 Kf8 28. a4 Re8 29. Ra7 Rb8 30. Kc3 Rb6 31. a5 Rd6 32. Rb7 Be8 33. Rb6 Rd7 34. Rxa6 Rc7+ 35. Kd2 Rc4 36. Rb6 Ke7 37. a6 1-0

[Event "Late-Titled-Tuesday-Blitz-June-25-2024"]
[Site "Chess.com"]
[Date "2024.06.25"]
[Round "3"]
[White "NowInChess"]
[Black "WindWhistler11"]
[Result "0-1"]
[WhiteElo "2205"]
[BlackElo "2451"]
[TimeControl "180+1"]
[EndTime "14:26:43 PDT"]
[Termination "WindWhistler11 won on time"]

1. e4 e6 2. d3 d5 3. Nd2 Nf6 4. Ngf3 g6 5. g3 Bg7 6. Bg2 O-O 7. O-O c5 8. Re1 Nc6 9. c3 b6 10. e5 Nd7 11. d4 a5 12. a4 Ba6 13. Bf1 Bxf1 14.
Nxf1 Rc8 15. Ne3 f6 16. Ng4 fxe5 17. Nfxe5 Ndxe5 18. Nxe5 Bxe5 19. dxe5 Rf5 20. f4 h5 21.
Be3 Qe7 22. Qd3 Rcf8 23. h4 Qg7 24. Qb5 Qc7 25. Qd3 Ne7 26. Rad1 R5f7 27. Bf2 Nf5 28. Rc1 Qc6 29. b3 Kh7 30. Qb5 Qxb5 31. axb5 Ra7 32.
b4 Rc8 33. bxc5 bxc5 34. Rb1 Rb7 35. Rb2 d4 36. cxd4 cxd4 37. Ra1 Ra8 0-1

[Event "Late-Titled-Tuesday-Blitz-June-25-2024"]
[Site "Chess.com"]
[Date "2024.06.25"]
[Round "3"]
[White "Zura_19"]
[Black "arnoldpetra"]
[Result "0-1"]
[WhiteElo "2614"]
[BlackElo "2450"]
[TimeControl "180+1"]
[EndTime "14:26:44 PDT"]
[Termination "arnoldpetra won by resignation"]

1. d4 d6 2. Nf3 c6 3. e4 g6 4.
Nc3 Bg7 5. Be3 Bg4 6. Be2 Bxf3 7.
Bxf3 Qb6 8. Qd2 Nd7 9. O-O Qa5 10. a3 Ngf6 11. b4 Qc7 12. Rfd1 O-O 13. Rab1 Rfe8 14. Na2 b5 15. c4 bxc4 16. Nc3 Nb6 17. a4 e6 18. a5 Nbd7 19. Bf4 Rad8 20. Qa2 e5 21. dxe5 Nxe5 22. Bxe5 Rxe5 23. Qxc4 Rde8 24. Rbc1 Qb8 25. Qxc6 Qxb4 26. Qxd6 Qxd6 27. Rxd6 Rxa5 28. h3 Rc5 29.
Ra6 Rec8 30. e5 Nh5 31. Rxa7 Bxe5 32. Bxh5 gxh5 33. g3 Rxc3 34. Rd1 Rc1 35. Rxc1 Rxc1+ 36. Kg2 Rc7 37. Ra5 f6 38. f4 Rc2+ 39. Kf3 Rc3+ 40. Kg2 Bc7 41. Rxh5 Kg7 42. Rd5 Kg6 43. h4 h5 44. Rd7 Kf5 45. Rd5+ Kg6 46. Kh3 Rc1 47. f5+ Kh6 48. Rd3 Be5 49. Rf3 Rc3 50. Kg2 Rxf3 51.
Kxf3 Kg7 52. g4 hxg4+ 53. Kxg4 Kh6 54. h5 Bd4 55. Kh4 Be3 56. Kg4 Bg5 0-1

[Event "Late-Titled-Tuesday-Blitz-June-25-2024"]
[Site "Chess.com"]
[Date "2024.06.25"]
[Round "3"]
[White "Hananmo"]
[Black "BardArtem"]
[Result "0-1"]
[WhiteElo "2553"]
[BlackElo "2838"]
[TimeControl "180+1"]
[EndTime "14:26:46 PDT"]
[Termination "BardArtem won by resignation"]

1. Nf3 d5 2. c4 e6 3. g3 Nf6 4.
Bg2 Bd6 5. O-O O-O 6. b3 c5 7. Bb2 d4 8. b4 Nc6 9. b5 Na5 10.
d3 a6 11. a4 e5 12. Nbd2 h6 13. Nb3 Nxb3 14. Qxb3 Re8 15. Nd2 a5 16. Bc1 Rb8 17. Ne4 Bf5 18. Nxf6+ Qxf6 19. b6 e4 20. Bd2 Qg6 21.
Bxa5 exd3 22. exd3 Bxd3 23. Rfe1 Bc2 24. Rxe8+ Rxe8 25. Qf3 Be4 26. Qe2 d3 27. Qe3 Bc6 28. Qd2 Re2 29. Qd1 Bxg2 30. Kxg2 Qe4+ 31. Kg1 Be5 32. Ra3 Qf3 33. Be1 Bd4 34. Rxd3 Bxf2+ 35. Kf1 Be3+ 0-1